 Dungeon Crawl Stone Soup version 0.31-a0-1098-g6898e6545c (webtiles) character file.

Game seed: 10315334939960356063

53 senseless the Ruffian (level 3, -2/27 HPs)
             Began as a Demonspawn Shapeshifter on Nov 30, 2023.
             Was an Initiate of Yredelemnul.
             Slain by a gnoll
             ... wielding a +0 flail
              (7 damage)
             ... on level 2 of the Dungeon.
             The game lasted 00:04:33 (957 turns).

senseless the Ruffian (Demonspawn Shapeshifter)      Turns: 957, Time: 00:04:34

Health: -2/27      AC:  3    Str: 16    XL:     3   Next: 64%
Magic:  4/4        EV: 12    Int: 10    God:    Yredelemnul [......]
Gold:   34         SH:  0    Dex: 12    Spells: 2/2 levels left

rFire   . . .        e - +0 whip (flame)
rCold   . . .        (no shield)
rNeg    . . .        m - +0 leather armour
rPois   .            (helmet currently unavailable)
rElec   .            (cloak currently unavailable)
rCorr   .            (gloves currently unavailable)
SInv    .            (boots currently unavailable)
Will    .....        (no amulet)
Stlth   +            (no ring)
HPRegen 0.24/turn    (no ring)
MPRegen 0.09/turn

%: no passive effects
@: lethally poisoned (-2 -> -4), beast-form
A: beast (slay +1), foul stench 1, powered by death 1
a: Begin Untransformation, Renounce Religion, Recall Undead Harvest


You were on level 2 of the Dungeon.
You worshipped Yredelemnul.
Yredelemnul was noncommittal.
You were a hulking beast.
You visited 1 branch of the dungeon, and saw 2 of its levels.

You collected 34 gold pieces.

Inventory:

Hand Weapons
 e - a +0 whip of flaming (weapon)
Missiles
 j - 3 poisoned darts (quivered)
Armour
 a - a +0 animal skin
 f - a +2 cloak
 m - a +0 leather armour (worn)
Talismans
 c - a beast talisman
 d - a flux talisman
Wands
 n - a wand of paralysis (10)
Scrolls
 g - a scroll of torment {unknown}
 k - a scroll of enchant armour {unknown}
 l - a scroll of teleportation {unknown}
 o - a scroll of poison {unknown}
Potions
 b - a potion of lignification
 h - a potion of curing
 i - a potion of brilliance {unknown}


   Skills:
 + Level 1.7 Fighting
 + Level 2.2 Dodging
 + Level 3.1 Unarmed Combat
 + Level 1.7 Invocations
 + Level 3.0 Shapeshifting


You had 2 spell levels left.
You didn't know any spells.
Your spell library was empty.

Dungeon Overview and Level Annotations

Branches:
Dungeon (2/15)

Altars:
Yredelemnul


Innate Abilities, Weirdness & Mutations

You are a hulking beast.
Your limbs bulge with bestial killing power. (Slay +1)
You may rarely emit foul miasma when damaged in melee.
You regenerate a little health from kills.


Message History

The goblin barely misses your quokka zombie.
The gnoll hits your quokka zombie with a +0 spear!
Your quokka zombie is destroyed!
The gnoll is engulfed in dark miasma.
The gnoll looks even sicker.
The gnoll seems to slow down.
The gnoll hits your gnoll zombie with a +0 club!
You feel sick.
The gnoll is no longer moving slowly.
Your gnoll zombie hits the gnoll.
The gnoll is engulfed in dark miasma.
The gnoll looks even sicker.
You kill the gnoll!
The adder bites you.
* * * LOW HITPOINT WARNING * * *
You are more poisoned.
The adder poisons you!
Your rat zombie bites the gnoll but does no damage.
It was a potion of curing.
You feel better.
The gnoll hits your gnoll zombie with a +0 flail.
Your gnoll zombie is destroyed!
The adder misses you.
You closely miss the adder.
The adder is lightly wounded.
The adder bites you.
Your rat zombie bites the gnoll but does no damage.
You hit the adder. You burn the adder.
The adder is moderately wounded.
The adder bites you.
You are poisoned.
The adder poisons you!
Your rat zombie bites the gnoll.
The adder barely misses you.
You miss the adder.
The adder is lightly wounded.
You feel sick.
The gnoll hits you from afar with a +0 spear.
* * * LOW HITPOINT WARNING * * *
The gnoll misses you. The adder bites you but does no damage.
Your rat zombie closely misses the gnoll.
The gnoll closely misses you.
You feel sick. The gnoll hits you with a +0 flail!
You die...
Your body rises from the dead as a mindless zombie.

.......#.# ..._...#.##
.......#..####
.............#
.#...#.......# .
.+...'.......#### S.
##...##......'..# # ...
#...##......##.### .#....
######......##.hS###......
#######......####g.g.......
.............# ##.g)..###
.............# #..Z..#
..........#### #...(.#
..........# #....(#
..........# #####...
..........# ...#
..........# ..+


You could see 2 gnolls, an adder, a goblin and a friendly rat zombie.

Vanquished Creatures
  2 gnolls (D:2)
  A dart slug (D:1)
  4 endoplasms (D:1)
  A giant cockroach (D:1)
  A goblin (D:1)
  A hobgoblin (D:1)
  2 jackals (D:1)
  A quokka (D:2)
  5 ball pythons (D:1)
  3 bats (D:1)
  2 frilled lizards (D:1)
  5 kobolds (D:1)
  5 rats (D:1)
33 creatures vanquished.

Vanquished Creatures (collateral kills)
  A rat (D:2)
1 creature vanquished.

Vanquished Creatures (others)
  A gnoll zombie (D:2)
  A quokka zombie (D:2)
2 creatures vanquished.

Grand Total: 36 creatures vanquished

Notes
Turn   | Place    | Note
-------+----------+-------------------------------------------
     0 | D:1      | senseless the Demonspawn Shapeshifter began the quest for
                  | the Orb.
     0 | D:1      | Reached XP level 1. HP: 15/15 MP: 1/1
   226 | D:1      | Gained mutation: You may rarely emit foul miasma when
                  | damaged in melee. [demonic ancestry]
   226 | D:1      | Reached XP level 2. HP: 16/21 MP: 2/2
   293 | D:1      | Reached skill level 1 in Invocations
   624 | D:1      | Gained mutation: You regenerate a little health from kills.
                  | [demonic ancestry]
   624 | D:1      | Reached XP level 3. HP: 26/26 MP: 4/4
   897 | D:2      | Found a basalt altar of Yredelemnul.
   902 | D:2      | Became a worshipper of Yredelemnul the Dark
   957 | D:2      | Slain by a gnoll

Illustrated notes

Levels and vault maps discovered:
D:1:      minmay_arrival_stone_box, layout_loops_ring, st_stairs_8,
          minmay_misc_feat_rows
D:2:      layout_basic, nicolae_ecumenical_snake_handling, basic_altar

Skill      XL: |  1  2  3 |
---------------+----------+-----
Dodging        | 2 |  2.2
Invocations    | 1 |  1.7
Unarmed Combat | 3 |  3.1
Shapeshifting  | 3 |  3.0
Fighting       | |  1.7

Action                     || total
---------------------------++-------
  Melee: Whip              ||    64
         Unarmed           ||    14
         Punch             ||     4
  Throw: Dart              ||     3
    Use: Potion            ||     1
   Stab: Sleeping          ||     1
 Armour: Animal skin       ||    34
         Leather armour    ||    17
  Dodge: Dodged            ||    53

Table legend: (Time is in decaauts)
 A = Elapsed time spent in this place.
 B = Non-inter-level travel time spent in this place.
 C = Inter-level travel time spent in this place.
 D = Time resting spent in this place.
 E = Time spent auto-exploring this place.
 F = Levels seen in this place.
 G = Mean time per level.
                   A        B        C        D        E       F      G
               +--------+--------+--------+--------+--------+-----+--------+
         Total |    961 |    935 |     26 |      0 |    712 |   2 |  480.5 |
       Dungeon |    961 |    935 |     26 |      0 |    712 |   2 |  480.5 |
               +--------+--------+--------+--------+--------+-----+--------+

Top non-repeatable levels by time:
     D:1: 901 daAuts
     D:2: 60 daAuts
